 Dungeon Crawl Stone Soup version 0.30-a0-799-g109b55a442 (webtiles) character file.

Game seed: 8671375017864583382

205 Darius099 the Chopper (level 5, -1/46 HPs)
             Began as a Minotaur Fighter on Feb 21, 2023.
             Succumbed to an orc's poison
             ... on level 3 of the Dungeon.
             The game lasted 00:05:11 (2204 turns).

Darius099 the Chopper (Minotaur Fighter)            Turns: 2204, Time: 00:05:12

Health: -1/46      AC:  9    Str: 22    XL:     5   Next: 52%
Magic:  4/4        EV:  7    Int:  5    God:
Gold:   255        SH:  4    Dex: 10    Spells: 4/4 levels left

rFire   . . .      SeeInvis .    a - +0 war axe
rCold   . . .      Faith    .    c - +0 buckler
rNeg    . . .      Spirit   .    q - +0 chain mail
rPois   .          Reflect  .    (helmet restricted)
rElec   .          Harm     .    (no cloak)
rCorr   .          Rampage  .    (no gloves)
Will    .....                    (no boots) Stlth
                                 (no amulet)
HPRegen 0.27/turn                (no ring)
MPRegen 0.09/turn                (no ring)

@: lethally poisoned (-1 -> -20)
A: horns 2, retaliatory headbutt, sense surroundings 1, inability to drink after
injury 1
a: no special abilities


You were on level 3 of the Dungeon.
You visited 1 branch of the dungeon, and saw 3 of its levels.

You collected 255 gold pieces.

Inventory:

Hand Weapons
 a - a +0 war axe (weapon)
Missiles
 f - 38 stones (quivered)
Armour
 c - a +0 buckler (worn)
 q - a +0 chain mail (worn)
Jewellery
 n - a ring of ice
Wands
 m - a wand of digging (5)
Scrolls
 g - 2 scrolls of identify {unknown}
 j - 2 scrolls of immolation {unknown}
 k - a scroll of brand weapon {unknown}
 o - 2 scrolls of fear {unknown}
Potions
 d - 2 potions of might
 e - a potion of flight {unknown}
 i - a potion of curing {unknown}
 l - a potion of cancellation {unknown}
 p - a potion of lignification {unknown}


   Skills:
 - Level 4.0 Fighting
 + Level 6.4 Axes
 - Level 4.0 Armour
 - Level 4.0 Shields


You had 4 spell levels left.
You didn't know any spells.
Your spell library contained the following spells:

 Spells                   Type           Power      Damage    Failure   Level
 Sting                    Tmut/Pois      0%         1d3       99%         1
 Poisonous Vapours        Pois/Air       0%         N/A       100%        2
 Olgreb's Toxic Radiance  Pois           0%         N/A       100%        4


Dungeon Overview and Level Annotations

Branches:
Dungeon (3/15)

Altars:


Innate Abilities, Weirdness & Mutations

You have a pair of horns on your head.
You reflexively headbutt those who attack you in melee.
You passively map a small area around you.
You occasionally lose the ability to drink potions when taking damage.


Message History

The orc priest is almost dead.
You hit the orc but do no damage. The orc closely misses you.
The orc priest hits you but does no damage.
You closely miss the orc priest.
The orc priest is almost dead.
You hit the orc.
You kill the orc!
The orc priest calls down the wrath of Beogh upon you.
Pain shoots through your body!
You hit the orc priest.
You kill the orc priest!
The orc hits you but does no damage.
You are poisoned.
You barely miss the orc.
You feel sick.
The orc hits you with a +1 whip of venom.
You are more poisoned.
You closely miss the orc.
You feel very sick. The orc hits you but does no damage.
You barely miss the orc.
You feel very sick. You block the orc's attack.
You barely miss the orc.
You feel very sick. You block the orc's attack.
You barely miss the orc.
You feel very sick.
The orc hits you with a +1 whip of venom.
* * * LOW HITPOINT WARNING * * *
You are lethally poisoned!
The orc hits you but does no damage.
You are more poisoned.
You slash the orc!
You kill the orc!
* * * LOW HITPOINT WARNING * * *
You feel extremely sick.
It was a potion of mutation.
You feel extremely strange.
You occasionally lose the ability to drink potions when taking damage.
You feel a strange attunement to the structure of the dungeons.
You die...

##..<..## ### #####
....... , ... ....#
..... **#.# #.#.#
*#... #.# #.#.# *
##..#* #.# #<#.#
##...## #.# #.#.#
##.....## #.###.#.#
##.......## #..##.#.#
#.........####@......#
+.........'..))....###
#.........####...#.#
##.......## ###.##.##
##.....## #.......#
##...## #.####..#
##'## #.##....# #.#
#.##.##.# #.#
#.......#


There were no monsters in sight!

Vanquished Creatures
  An orc priest (D:3)
  Natasha (thrice) (D:2)
  A gnoll (D:1)
  4 adders
  A worm (D:2)
  A dart slug (D:2)
  3 orcs
  4 bats
  An endoplasm (D:3)
  A giant cockroach (D:3)
  7 goblins
  3 hobgoblins (D:2)
  5 jackals
  2 quokkas (D:1)
  4 ball pythons
  4 kobolds (D:1)
  6 rats
51 creatures vanquished.

Notes
Turn   | Place    | Note
-------+----------+-------------------------------------------
     0 | D:1      | Darius099 the Minotaur Fighter began the quest for the Orb.
     0 | D:1      | Reached XP level 1. HP: 19/19 MP: 0/0
    24 | D:1      | Reached XP level 2. HP: 25/27 MP: 1/1
   581 | D:1      | Reached skill level 3 in Axes
   803 | D:2      | Reached XP level 3. HP: 33/33 MP: 2/2
   824 | D:2      | Found a faded altar of an unknown god.
   964 | D:2      | Noticed Natasha
   969 | D:2      | Killed Natasha
   970 | D:2      | Reached skill level 4 in Axes
  1017 | D:2      | Reached XP level 4. HP: 40/40 MP: 3/3
  1592 | D:2      | Noticed Natasha
  1599 | D:2      | Killed Natasha
  1600 | D:2      | Reached skill level 5 in Axes
  1637 | D:2      | Noticed Natasha
  1648 | D:2      | Killed Natasha
  1649 | D:2      | Reached XP level 5. HP: 41/46 MP: 4/4
  1973 | D:3      | Reached skill level 6 in Axes
  2204 | D:3      | Gained mutation: You occasionally lose the ability to drink
                  | potions when taking damage. [potion of mutation]
  2204 | D:3      | Gained mutation: You passively map a small area around you.
                  | [potion of mutation]
  2204 | D:3      | Succumbed to an orc's poison

Illustrated notes

Levels and vault maps discovered:
D:1:      ncdulo_lavacross, layout_basic
D:2:      layout_basic, ebering_ecumenical_altar_hall, kennysheep_another_room,
          minmay_between, uniq_natasha
D:3:      layout_loops_corners

Skill      XL: |  1  2  3  4  5 |
---------------+----------------+-----
Armour         | 4 |  4.0
Fighting       | 4 |  4.0
Shields        | 4 |  4.0
Axes           | 3 4 5 6 |  6.4

Action                     |  1- 3 |  4- 6 || total
---------------------------+-------+-------++-------
  Melee: War axe           |    48 |    52 ||   100
         Headbutt          |     3 |     6 ||     9
    Use: Potion            |       |     1 ||     1
 Armour: Scale mail        |    20 |    20 ||    40
         Chain mail        |       |     6 ||     6
  Dodge: Dodged            |    25 |    14 ||    39
  Block: Buckler           |    12 |    10 ||    22

Table legend: (Time is in decaauts)
 A = Elapsed time spent in this place.
 B = Non-inter-level travel time spent in this place.
 C = Inter-level travel time spent in this place.
 D = Time resting spent in this place.
 E = Time spent auto-exploring this place.
 F = Levels seen in this place.
 G = Mean time per level.
                   A        B        C        D        E       F      G
               +--------+--------+--------+--------+--------+-----+--------+
         Total |   2245 |   2173 |     72 |      0 |   1738 |   3 |  748.3 |
       Dungeon |   2245 |   2173 |     72 |      0 |   1738 |   3 |  748.3 |
               +--------+--------+--------+--------+--------+-----+--------+

Top non-repeatable levels by time:
     D:2: 1074 daAuts
     D:1: 763 daAuts
     D:3: 408 daAuts
